 Dungeon Crawl Stone Soup version 0.29.1-12-g30fa7ad0bf (webtiles) character file.

Game seed: 13276390203125081884

415 Descartes the Shield-Bearer (level 7, 0/55 HPs)
             Began as a Formicid Fighter on Dec 17, 2022.
             Was an Initiate of Gozag.
             Killed from afar by an orc wizard (6 damage)
             ... with a magic dart
             ... on level 4 of the Dungeon.
             The game lasted 00:06:13 (3708 turns).

Descartes the Shield-Bearer (Formicid Fighter)      Turns: 3708, Time: 00:06:14

Health: 0/55       AC:  6    Str: 21    XL:     7   Next: 15%
Magic:  7/7        EV: 10    Int: 15    God:    Gozag
Gold:   392        SH:  5    Dex: 13    Spells: 6/6 levels left

rFire   . . .      SeeInvis +   a - +0 war axe
rCold   . . .      Faith    .   c - +0 buckler
rNeg    . . .      Spirit   .   x - +2 leather armour {rPois}
rPois   +          Reflect  .   (helmet unavailable)
rElec   .          Harm     .   (no cloak)
rCorr   .          Rampage  .   l - +0 pair of gloves
Will    .....                   (no boots)
Stlth   +.........              (no amulet)
HPRegen 0.18/turn               h - +6 ring of intelligence
MPRegen 0.10/turn               (no ring)

@: no status effects
A: permanent stasis, dig shafts and tunnels, antennae 3, four strong arms
a: Dig, Shaft Self, Renounce Religion, Potion Petition, Call Merchant, Bribe
Branch


You were on level 4 of the Dungeon.
You worshipped Gozag.
Gozag was aware of your devotion.
You visited 1 branch of the dungeon, and saw 4 of its levels.

You collected 431 gold pieces.
You paid 39 gold pieces to Gozag.

Inventory:

Hand Weapons
 a - a +0 war axe (weapon)
Missiles
 k - 4 poisoned darts
Armour
 b - a +0 scale mail
 c - a +0 buckler (worn)
 l - a +0 pair of gloves (worn)
 x - a +2 leather armour of poison resistance (worn)
Jewellery
 h - a +6 ring of intelligence (left hand)
Wands
 p - a wand of mindburst (10)
 w - a wand of quicksilver (13)
Scrolls
 e - a scroll of amnesia {unknown}
 i - a scroll of magic mapping {unknown}
 n - a scroll of silence {unknown}
 o - 2 scrolls of teleportation {unknown}
 s - 2 scrolls of identify {unknown}
 t - a scroll of butterflies {unknown}
 v - a scroll of immolation {unknown}
Potions
 d - a potion of might
 f - a potion of flight {unknown}
 g - a potion of heal wounds
 j - 3 potions of attraction {unknown}
 m - 2 potions of curing {unknown}
 q - 5 potions of ambrosia {unknown}
 u - a potion of mutation {unknown}


   Skills:
 + Level 4.4 Fighting
 + Level 3.2 Axes
 + Level 4.4 Armour
 + Level 5.4 Shields
 + Level 2.4 Translocations
 + Level 2.6 Evocations


You had 6 spell levels left.
You didn't know any spells.
Your spell library contained the following spells:

 Spells                   Type           Power      Damage    Failure   Level
 Gell's Gravitas          Tloc           7%         N/A       38%         3
 Lesser Beckoning         Tloc           7%         N/A       38%         3
 Teleport Other           Tloc           7%         N/A       38%         3
 Static Discharge         Conj/Air       0%         3-3/arc   50%         2
 Lightning Bolt           Conj/Air       0%         1d11      100%        5
 Dispersal                Tloc           3%         N/A       100%        6
 Maxwell's Capacitive Co  Air            0%         ∞         100%        8


Dungeon Overview and Level Annotations

Branches:
Dungeon (4/15)
 Temple: D:4-7

Altars:
Gozag
Ru

Annotations:
D:4 Blork the orc


Innate Abilities, Weirdness & Mutations

You cannot be hasted, slowed, berserked, paralysed or teleported.
You can dig through walls and to a lower floor.
You have a pair of large antennae on your head. (SInv)
Your four strong arms can wield two-handed weapons with a shield.


Message History

You hear a shout!
An orc priest comes into view. It is wielding a +0 dagger.
The orc priest calls down the wrath of Beogh upon you.
Beogh smites you!
Things that are here:
4 gold pieces; a +0 flail; a +0 scale mail You slash the orc!
You kill the orc!
The orc wizard hits you with a +0 dagger.
You barely miss the orc wizard.
The orc wizard gestures at you while chanting.
The magic dart hits you.
You closely miss the orc wizard. You barely miss the orc priest.
The orc wizard hits you but does no damage.
You block the orc priest's attack.
You hit the orc wizard.
The orc wizard is moderately wounded.
You barely miss the orc priest.
The orc priest calls down the wrath of Beogh upon you.
Pain shoots through your body!
The orc wizard hits you but does no damage. x2
The orc priest invokes the aid of Beogh against you.
Beogh smites you!
* * * LOW HITPOINT WARNING * * *
You closely miss the orc priest. You hit the orc wizard.
You block the orc wizard's attack.
The orc priest hits you but does no damage.
Unknown command.
You slash the orc priest!
The orc priest is heavily wounded.
You hit the orc wizard.
The orc priest hits you with a +0 dagger.
* * * LOW HITPOINT WARNING * * *
The orc wizard hits you but does no damage.
The orc priest hits you with a +0 dagger.
* * * LOW HITPOINT WARNING * * *
The orc wizard points at you and mumbles some strange words.
The magic dart hits you.
You die...
Your body crumbles into a pile of gold.

####### #.....# $
#.....#
..#####.....#########
............#.......#
###o@$...........#
......o...........<.#
..#####.....#.......#
#.....#.......# .@
###.########### #.
##.# .. ##..# ..
#..## .. #.##


You could see an orc priest and an orc wizard.

Vanquished Creatures
  Eustachio (D:3)
  A water moccasin (D:3)
  A hound (D:3)
  3 adders
  3 worms (D:2)
  A dart slug (D:4)
  7 orcs
  5 endoplasms
  5 giant cockroaches
  12 goblins
  12 hobgoblins
  8 jackals
  2 quokkas (D:1)
  13 ball pythons
  6 bats
  5 frilled lizards
  7 kobolds
  3 rats
95 creatures vanquished.

Notes
Turn   | Place    | Note
-------+----------+-------------------------------------------
     0 | D:1      | Descartes the Formicid Fighter began the quest for the Orb.
     0 | D:1      | Reached XP level 1. HP: 18/18 MP: 1/1
   371 | D:1      | Reached XP level 2. HP: 24/24 MP: 2/2
   547 | D:1      | Reached XP level 3. HP: 28/29 MP: 3/3
  1041 | D:1      | Reached skill level 1 in Evocations
  1372 | D:2      | You fall into a shaft and drop 1 floor!
  1439 | D:3      | Reached skill level 1 in Translocations
  1439 | D:3      | Reached XP level 4. HP: 36/36 MP: 4/4
  1508 | D:3      | Found an opulent altar of Gozag.
  1518 | D:3      | Became a worshipper of Gozag Ym Sagoz the Greedy
  1727 | D:3      | Noticed a water moccasin
  1800 | D:3      | Killed a water moccasin
  1801 | D:3      | Reached XP level 5. HP: 15/42 MP: 5/5
  2060 | D:3      | Reached XP level 6. HP: 40/48 MP: 6/6
  2116 | D:3      | Found a sacrificial altar of Ru.
  2465 | D:4      | Noticed Blork the orc
  2468 | D:4      | Reached skill level 5 in Shields
  3408 | D:4      | Noticed Eustachio
  3492 | D:3      | Killed Eustachio
  3493 | D:3      | Reached XP level 7. HP: 23/55 MP: 7/7
  3708 | D:4      | Killed from afar by an orc wizard

Illustrated notes

Levels and vault maps discovered:
D:1:      kennysheep_arrival_forest, layout_rooms,
          chequers_serial_rivers_micro_d, amcnicky_mini_rare_corridor_liquid,
          dk_noncrumbling_2, bh_walls_and_bars
D:2:      layout_loops_cross, minmay_pentomino_q4
D:3:      layout_loops_ring, mainiacjoe_overflow_six_doors_small,
          hangedman_ru_absence
D:4:      layout_rooms, temple_fountains, uniq_eustachio, uniq_blork_the_orc

Skill      XL: |  1  2  3  4  5  6 |
---------------+-------------------+-----
Evocations     | 1 2 |  2.6
Translocations | 1 2 |  2.4
Armour         | 4 |  4.4
Fighting       | 4 |  4.4
Shields        | 5 |  5.4
Axes           | 3 |  3.2

Action                   |  1- 3 |  4- 6 |  7- 9 || total
-------------------------+-------+-------+-------++-------
Melee: War axe           |    89 |   193 |     7 ||   289
  Use: Potion            |       |     4 |       ||     4
Armor: Scale mail        |    38 |   129 |       ||   167
       Leather armour    |       |       |     6 ||     6
Dodge: Dodged            |    53 |   118 |       ||   171
Block: Buckler           |    20 |    65 |     2 ||    87
